 Dungeon Crawl Stone Soup version 0.30.1-9-gdf580d7c3d (webtiles) character file.

Game seed: 6623348539365977862

20789 Kaboulah the Fighter (level 12, -3/130 HPs)
             Began as an Ogre Fighter on Oct 2, 2023.
             Was a High Priest of Okawaru.
             Slain by Jorgrun
             ... wielding a staff of earth
              (6 damage)
             ... while petrified by Jorgrun
             ... on level 2 of the Orcish Mines on Oct 7, 2023.
             The game lasted 01:57:05 (11980 turns).

Kaboulah the Fighter (Ogre Fighter)                Turns: 11980, Time: 01:57:05

Health: -3/130     AC: 11    Str: 29    XL:     12   Next: 83%
Magic:  16/17      EV: -2    Int:  9    God:    Okawaru [*****.]
Gold:   584        SH:  0    Dex: 14    Spells: 11/11 levels left

rFire   + + +        r - +10 hand axe of the Muttering Jester {drain, Drain rF+++ Str+2 Stlth+}
rCold   . . .        S - +0 kite shield
rNeg    + + +        Q - +0 acid dragon scales
rPois   ∞            H - +2 hat
rElec   .            P - +0 cloak
rCorr   +            (gloves unavailable)
SInv    .            (boots unavailable)
Will    +....        a - amulet of reflection
Stlth   ++++         U - +6 ring of dexterity
HPRegen 0.41/turn    M - ring of positive energy
MPRegen 0.15/turn

%: reflection
@: petrified, heroic, grasped by roots, constricted
A: large, unfitting armour, tough skin 1
a: Renounce Religion, Heroism, Finesse, Duel


You were on level 2 of the Orcish Mines.
You worshipped Okawaru.
Okawaru was extremely pleased with you.
You visited 3 branches of the dungeon, and saw 13 of its levels.

You collected 1195 gold pieces.
You spent 611 gold pieces at shops.

Inventory:

Hand Weapons
 q - the +11 mace "Sisyukill" {heavy, Fly rC+}
   (You found it on level 2 of the Dungeon)

   rC:        It protects you from cold.
   Fly:       It grants you flight.
 r - the +10 hand axe of the Muttering Jester (weapon) {drain, Drain rF+++ Str+2 Stlth+}
   (You found it on level 3 of the Dungeon)

   Str:       It affects your strength (+2).
   rF:        It renders you almost immune to fire.
   Drain:     It drains your maximum health when unequipped.
   Stlth:     It makes you more stealthy.
Missiles
 e - 35 stones
 f - 7 javelins
 h - 7 silver boomerangs
 x - 23 boomerangs
 y - a throwing net
 O - 3 large rocks (quivered)
Armour
 c - a +0 kite shield
 B - a +2 robe of cold resistance
 H - a +2 hat (worn)
 L - a +0 troll leather armour
 P - a +0 cloak (worn)
 Q - +0 acid dragon scales (worn)
 S - a +0 kite shield (worn)
Jewellery
 a - an amulet of reflection (around neck)
 g - a +6 ring of intelligence
 K - an amulet of the acrobat
 M - a ring of positive energy (right hand)
 U - a +6 ring of dexterity (left hand)
Wands
 b - a wand of flame (37)
 w - a wand of digging (3)
 G - a wand of acid (11)
Scrolls
 j - 2 scrolls of brand weapon
 k - 2 scrolls of fear
 l - a scroll of fog {unknown}
 m - a scroll of vulnerability {unknown}
 o - a scroll of silence {unknown}
 u - 3 scrolls of teleportation
 F - a scroll of magic mapping {unknown}
 J - a scroll of enchant weapon {unknown}
 N - a scroll of torment {unknown}
 R - a scroll of blinking {unknown}
Potions
 d - a potion of might
 n - a potion of heal wounds {unknown}
 p - 3 potions of haste
 s - 4 potions of flight
 t - a potion of cancellation {unknown}
 v - a potion of ambrosia
 z - 2 potions of brilliance
 A - a potion of lignification {unknown}
 C - 3 potions of magic
 D - a potion of invisibility
 E - 2 potions of mutation {unknown}
 I - a potion of attraction {unknown}


   Skills:
 + Level 11.0(16.0) Fighting
 * Level 10.8(15.9) Axes
 - Level 1.8(11.5) Maces & Flails
 + Level 8.0(13.0) Throwing
 + Level 7.5(12.5) Dodging
 + Level 10.6(15.6) Shields
 + Level 7.0 Invocations


You had 11 spell levels left.
You didn't know any spells.
Your spell library contained the following spells:

 Spells                   Type           Power      Damage    Failure   Level
 Magic Dart               Conj           0%         1d3       54%         1
 Cigotuvi's Dreadful Rot  Necr/Pois/Air  0%         N/A       69%         2
 Dazzling Flash           Conj/Hex       0%         N/A       89%         3
 Frozen Ramparts          Ice            0%         1d1       89%         3
 Mephitic Cloud           Conj/Pois/Air  0%         N/A       89%         3
 Volatile Blastmotes      Fire/Tloc      0%         2d10      89%         3
 Dispel Undead            Necr           0%         3d6       100%        4
 Ice Form                 Ice/Tmut       0%         N/A       100%        4
 Iskenderun's Mystic Bla  Conj/Tloc      0%         2d3       100%        4
 Starburst                Conj/Fire      0%         6d3       100%        6
 Call Imp                 Summ           Unusable   N/A       N/A         2
 Summon Ice Beast         Ice/Summ       Unusable   N/A       N/A         4
 Death Channel            Necr           Unusable   N/A       N/A         6

Dungeon Overview and Level Annotations

Branches:
Dungeon (10/15)            Temple (1/1) D:7             Orc (2/2) D:10
    Elf (0/3) Orc:2
   Lair: D:8-11

Altars:
Ashenzari
Cheibriados
Dithmenos
Elyvilon
Fedhas
Gozag
Hepliaklqana
Kikubaaqudgha
Makhleb
Nemelex Xobeh
Okawaru
Qazlal
Ru
Sif Muna
Trog
Uskayaw
Vehumet
Wu Jian
Xom
Yredelemnul
The Shining One

Shops:
Orc:1 **   Orc:2 (*

Annotations:
Orc:2 Jorgrun


Innate Abilities, Weirdness & Mutations

You are too large for most types of armour.
You have tough skin. (AC +1)


Message History

Jorgrun is severely wounded.
Jorgrun barely misses you. The grasping roots constrict you!
Okay, then.
You gain the combat prowess of a mighty hero.
Jorgrun gestures at you while chanting.
You are slowing down.
The grasping roots constrict you!
* * * LOW HITPOINT WARNING * * *
You hit Jorgrun.
Jorgrun is severely wounded.
Jorgrun hits you with a staff of earth!
* * * LOW HITPOINT WARNING * * *
The grasping roots constrict you.
Your limbs are stiffening.
You closely miss Jorgrun.
Jorgrun is severely wounded.
Jorgrun mutters some incantations to himself.
Jorgrun gestures at you while chanting. You resist with significant effort.
The grasping roots constrict you!
* * * LOW HITPOINT WARNING * * *
You have turned to stone.
Jorgrun hits you with a staff of earth.
* * * LOW HITPOINT WARNING * * *
The grasping roots constrict you.
* * * LOW HITPOINT WARNING * * *
Jorgrun hits you with a staff of earth.
* * * LOW HITPOINT WARNING * * *
Jorgrun shatters you.
* * * LOW HITPOINT WARNING * * *
The grasping roots constrict you.
* * * LOW HITPOINT WARNING * * *
Jorgrun hits you with a staff of earth!
* * * LOW HITPOINT WARNING * * *
The grasping roots constrict you.
* * * LOW HITPOINT WARNING * * *
Jorgrun hits you with a staff of earth.
* * * LOW HITPOINT WARNING * * *
The grasping roots constrict you!
* * * LOW HITPOINT WARNING * * *
Jorgrun hits you with a staff of earth!
You die...

....... #.##
.......#...####
..(.(..........
...............
........#.....#
.............#
.............##
......g@.# ...#
..(..#...##..# ### ...
##......# #.. .
#...#.## ###..
##...##### #....
##......#.# ###....
#.........# ##......
####.........###.......
#.#...........##.......


You could see Jorgrun (drained).

Vanquished Creatures
  Saint Roka (Orc:1)
  Donald (Orc:2)
  An orc warlord (D:10)
  Nessos (Orc:2)
  A two-headed ogre (D:10)
  The ghost of safid the Frost Mage, a novice MfIE (D:6)
  4 orc knights
  An orc sorcerer (Orc:2)
  A cyclops (Orc:2)
  Maggie (D:9)
  4 trolls
  Sigmund (D:2)
  A slime creature (D:8)
  A vampire (D:10)
  A shadow (D:10)
  19 yaks (D:9)
  A steam dragon (D:7)
  2 vampire mosquitoes
  3 wargs
  An acid dragon (D:10)
  2 ice beasts
  3 sky beasts
  32 orc warriors
  3 black bears
  2 ogres
  3 centaurs
  3 kobold brigands
  A phantom (D:6)
  Blork the orc (D:5)
  4 bullfrogs
  A gnoll sergeant (D:9)
  2 scorpions (D:6)
  21 killer bees
  3 howler monkeys (D:9)
  5 hounds
  8 jellies (D:8)
  6 orc priests
  2 gnoll boudas
  A sleepcap (D:6)
  4 iguanas
  7 orc wizards
  22 gnolls
  12 adders
  3 shadow imps
  4 ufetubi
  A worm (D:4)
  5 dart slugs
  61 orcs
  20 endoplasms
  10 goblins
  9 hobgoblins
  7 jackals
  6 quokkas
  9 ball pythons
  3 bats
  4 frilled lizards
  27 kobolds
  6 rats
370 creatures vanquished.

Vanquished Creatures (others)
  2 kobold brigands
  A kobold (D:7)
3 creatures vanquished.

Grand Total: 373 creatures vanquished

Notes
Turn   | Place    | Note
-------+----------+-------------------------------------------
     0 | D:1      | Kaboulah the Ogre Fighter began the quest for the Orb.
     0 | D:1      | Reached XP level 1. HP: 24/24 MP: 1/1
   129 | D:1      | Reached XP level 2. HP: 32/32 MP: 2/2
   587 | D:1      | Reached XP level 3. HP: 36/39 MP: 3/3
   871 | D:2      | Reached skill level 1 in Throwing
  1112 | D:2      | Reached XP level 4. HP: 49/49 MP: 4/4
  1303 | D:2      | Identified the +11 mace "Sisyukill" {heavy, Fly rC+}
  1364 | D:2      | Noticed Sigmund
  1382 | D:2      | Killed Sigmund
  1383 | D:2      | Reached skill level 5 in Fighting
  1383 | D:2      | Reached skill level 1 in Maces & Flails
  1383 | D:2      | Reached XP level 5. HP: 55/57 MP: 5/5
  1383 | D:2      | Reached XP level 6. HP: 64/66 MP: 6/6
  1699 | D:3      | Identified the +10 hand axe of the Muttering Jester {drain,
                  | Drain rF+++ Str+2 Stlth+}
  2424 | D:4      | Noticed a black bear
  2432 | D:4      | Killed a black bear
  2433 | D:4      | Reached XP level 7. HP: 65/72 MP: 7/7
  2471 | D:4      | Reached skill level 5 in Shields
  2598 | D:4      | Found a basalt altar of Yredelemnul.
  2889 | D:4      | Found an iron altar of Okawaru.
  2907 | D:4      | Became a worshipper of Warmaster Okawaru
  3121 | D:5      | Entered Level 5 of the Dungeon
  3307 | D:5      | Reached skill level 6 in Fighting
  3307 | D:5      | Reached XP level 8. HP: 80/83 MP: 8/8
  3525 | D:5      | Noticed Blork the orc
  3540 | D:5      | Killed Blork the orc
  3758 | D:6      | Reached * piety under Okawaru
  3989 | D:6      | Found a transporter.
  3993 | D:6      | Found a transporter.
  4009 | D:6      | Noticed safid's ghost (novice MfIE)
  4027 | D:6      | Reached skill level 5 in Axes
  4271 | D:6      | Reached XP level 9. HP: 89/92 MP: 9/9
  4457 | D:6      | Reached ** piety under Okawaru
  4671 | D:6      | Killed safid's ghost
  4672 | D:6      | Reached skill level 7 in Fighting
  4672 | D:6      | Reached skill level 5 in Throwing
  4672 | D:6      | Reached skill level 1 in Invocations
  5012 | D:7      | Reached skill level 5 in Dodging
  5194 | D:7      | Found a faded altar of an unknown god.
  5194 | D:7      | Found a shimmering altar of Xom.
  5201 | D:7      | Found a faded altar of an unknown god.
  5203 | D:7      | Found a sparkling altar of Nemelex Xobeh.
  5205 | D:7      | Found a shimmering blue altar of Sif Muna.
  5364 | D:7      | Found a staircase to the Ecumenical Temple.
  5467 | D:7      | Identified the +9 spear of Glory {freeze, Fragile +Blink
                  | Will- Int+8}
  5620 | Temple   | Entered the Ecumenical Temple
  5721 | D:7      | Reached *** piety under Okawaru
  5769 | D:8      | Found a radiant altar of Vehumet.
  5799 | D:8      | Reached XP level 10. HP: 89/104 MP: 10/12
  6030 | D:8      | Reached skill level 8 in Fighting
  6377 | D:8      | Found a burning altar of Makhleb.
  6382 | D:8      | Reached **** piety under Okawaru
  7285 | D:9      | Received a gift from Okawaru
  7286 | D:9      | Reached XP level 11. HP: 96/113 MP: 14/14
  7291 | D:9      | Reached ***** piety under Okawaru
  7292 | D:9      | Reached skill level 9 in Fighting
  8066 | D:10     | Entered Level 10 of the Dungeon
  8066 | D:10     | Noticed an orc knight
  8069 | D:10     | Noticed Maggie
  8070 | D:10     | Noticed an orc knight
  8081 | D:9      | Killed an orc knight
  8249 | D:9      | Received a gift from Okawaru
  8254 | D:9      | Killed an orc knight
  8255 | D:9      | Reached skill level 5 in Invocations
  8457 | D:10     | Found a staircase to the Orcish Mines.
  8481 | D:9      | Killed Maggie
  8985 | D:10     | Noticed a two-headed ogre
  8995 | D:10     | Killed a two-headed ogre
  8995 | D:10     | Received a gift from Okawaru
  9446 | Orc:1    | Entered Level 1 of the Orcish Mines
  9455 | Orc:1    | Noticed an orc warlord
  9770 | D:10     | Killed an orc warlord
 10008 | Orc:2    | Entered Level 2 of the Orcish Mines
 10053 | Orc:2    | Received a gift from Okawaru
 10054 | Orc:2    | Reached skill level 10 in Shields
 10075 | Orc:2    | Noticed a cyclops
 10082 | Orc:2    | Noticed Donald
 10375 | Orc:2    | Killed Donald
 10376 | Orc:2    | Reached skill level 10 in Fighting
 10376 | Orc:2    | Reached XP level 12. HP: 89/126 MP: 8/16
 10572 | Orc:2    | Reached skill level 10 in Axes
 10649 | Orc:2    | Found Egiseups's General Store.
 10655 | Orc:2    | Bought a scroll of identify for 26 gold pieces
 10655 | Orc:2    | Bought a scroll of identify for 26 gold pieces
 10655 | Orc:2    | Bought a scroll of teleportation for 39 gold pieces
 10655 | Orc:2    | Bought a +6 ring of dexterity for 468 gold pieces
 10757 | Orc:2    | Found a staircase to the Elven Halls.
 10973 | Orc:2    | Noticed a soul eater
 10977 | Orc:2    | Found Hunufek's Antique Weapon Emporium.
 11088 | Orc:2    | Noticed Saint Roka
 11133 | Orc:1    | Found Exzyadwo's Assorted Antiques.
 11436 | Orc:2    | Received a gift from Okawaru
 11556 | Orc:1    | Found Ugoikh's General Store.
 11683 | Orc:1    | Bought a potion of might for 52 gold pieces
 11708 | Orc:1    | Killed Saint Roka
 11954 | Orc:2    | Noticed Nessos
 11956 | Orc:2    | Killed Nessos
 11957 | Orc:2    | Reached skill level 11 in Fighting
 11958 | Orc:2    | Noticed Jorgrun
 11979 | Orc:2    | HP: 3/130 [constriction (4)]
 11980 | Orc:2    | Slain by Jorgrun

Illustrated notes

Levels and vault maps discovered:
D:1:      psy_arrival_basics, layout_loops_cross
D:2:      layout_basic, uniq_sigmund
D:3:      layout_basic, kennysheep_cluttered_room, minmay_fractal_squares_5
D:4:      layout_loops_cross, kennysheep_okawaru_gauntlet,
          amcnicky_altar_gilded, nrook_mini_backslash, grunt_ministairs_6
D:5:      layout_rooms, st_stairs_1, uniq_blork_the_orc
D:6:      layout_loops_ring, gammafunk_ghost_hive
D:7:      layout_rooms, chequers_temple_overflow_minitemple,
          minmay_temple_entry_gardened_gates, serial_glass, glass_columns_a,
          glass_columns_a
D:8:      lemuel_slime, layout_cave_pools, makhleb_blood_cavern_becter,
          fiery_altar_vehumet
D:9:      layout_loops_corners
D:10:     layout_loops_ring, mainiacjoe_overflow_tiny_flanked, orc_david_3,
          uniq_maggie
Temple:   zaba_magenta_temple
Orc:1:    layout_diamond_mine, serial_shops, nicolae_shop_rolled_up, shop, shop,
          nicolae_diamond_shop, nicolae_shop_trees
Orc:2:    grunt_orc_community_town_hall, layout_diamond_mine,
          grunt_orc_community_big_house_2, grunt_orc_community_big_house_2,
          grunt_orc_community_house_3, grunt_orc_community_house_2,
          grunt_orc_community_house_1, grunt_orc_community_house_1,
          uniq_saint_roka, uniq_donald, uniq_azrael, uniq_jorgrun, uniq_nessos

Skill      XL: |  1  2  3  4  5  6  7  8  9 10 11 12 |
---------------+-------------------------------------+-----
Throwing       | 1 2 3 4 5 6 7 8 |  8.0
Dodging        | 3 4 5 6 7 |  7.5
Fighting       | 5 6 7 8 10 11 | 11.0
Maces & Flails | 1 |  1.8
Shields        | 4 5 6 7 9 10 | 10.6
Axes           | 3 4 5 6 8 9 10 | 10.8
Invocations    | 2 4 5 7 |  7.0

Action                     |  1- 3 |  4- 6 |  7- 9 | 10-12 || total
---------------------------+-------+-------+-------+-------++-------
  Melee: War axe           |   105 |    13 |       |       ||   118
         Mace              |       |    16 |       |       ||    16
         Hand axe          |       |    34 |   221 |   539 ||   794
  Throw: Stone             |     4 |     2 |     7 |    91 ||   104
         Boomerang         |       |       |    25 |    22 ||    47
         Javelin           |       |       |       |     5 ||     5
         Large rock        |       |       |       |     5 ||     5
 Invoke: Heroism           |       |       |       |     5 ||     5
         Finesse           |       |       |       |     2 ||     2
    Use: Potion            |       |     1 |     3 |     8 ||    12
         Scroll            |       |       |     7 |     6 ||    13
   Stab: Sleeping          |       |     1 |     2 |     3 ||     6
         Invisible         |       |       |       |     3 ||     3
 Armour: Robe              |    24 |     8 |    53 |    52 ||   137
         Acid dragon scale |       |       |       |    25 ||    25
  Dodge: Dodged            |    38 |    20 |    54 |   113 ||   225
  Block: Kite shield       |    53 |    32 |   140 |   339 ||   564
         Reflection        |       |     2 |    10 |    19 ||    31
